 Dungeon Crawl Stone Soup version 0.31.0-12-g77e489cdc1 (webtiles) character file.

Game seed: 4089165121775503739

471 Killerpretzel the Changeling (level 7, -7/46 HPs)
             Began as an Octopode Shapeshifter on Feb 12, 2024.
             Was an Initiate of Vehumet.
             Mangled by an ogre
             ... wielding a +0 giant club
              (34 damage)
             ... on level 5 of the Dungeon.
             The game lasted 00:04:13 (3493 turns).

Killerpretzel the Changeling (OpSh)                 Turns: 3493, Time: 00:04:13

Health: -7/46      AC:  1    Str: 13    XL:     7   Next: 9%
Magic:  7/7        EV: 14    Int: 13    God:    Vehumet [......]
Gold:   1383       SH:  5    Dex: 13    Spells: 6/6 levels left

rFire   . .          .
                       - Unarmed
rCold   . . .        (no shield)
rNeg    . . .        (helmet currently unavailable)
rPois   .            p - amulet of reflection
rElec   .            (no ring)
rCorr   .            (no ring)
SInv    .            (no ring)
Will    .....        (no ring)
Stlth   ++           (no ring)
HPRegen 0.27/turn    (no ring)
MPRegen 0.10/turn    (no ring)
                     (no ring)

%: reflection
@: beast-form
A: beast (slay +2), almost no armour, amphibious, 8 rings, camouflage 1,
gelatinous body 1, (nimble swimmer 1), tentacles
a: Begin Untransformation, Renounce Religion


You were on level 5 of the Dungeon.
You worshipped Vehumet.
Vehumet was noncommittal.
You were a hulking beast.
You visited 2 branches of the dungeon, and saw 6 of its levels.

You collected 1383 gold pieces.

Inventory:

Hand Weapons
 m - the +4 short sword of Itraunel {venom, rC- Str+5}
   (You found it on level 4 of the Dungeon)

   Str+5:     It affects your strength (+5).
   rC-:       It makes you vulnerable to cold.
Missiles
 l - 5 boomerangs (quivered)
Jewellery
 p - an amulet of reflection (around mantle)
 r - an amulet of the acrobat
Talismans
 b - a beast talisman
 c - a flux talisman
 g - a maw talisman
Wands
 a - a wand of digging (3)
Scrolls
 e - 2 scrolls of identify
 h - a scroll of fear
 k - 2 scrolls of teleportation
 t - a scroll of amnesia {unknown}
Potions
 d - a potion of heal wounds
 f - a potion of enlightenment
 i - a potion of berserk rage
 j - a potion of haste
 n - a potion of curing
 o - 2 potions of cancellation
 q - a potion of experience
 s - a potion of lignification


   Skills:
 + Level 3.2 Fighting
 + Level 3.6 Dodging
 + Level 4.3 Unarmed Combat
 * Level 5.1 Shapeshifting


You had 6 spell levels left.
You didn't know any spells.
Your spell library contained the following spells:

 Spells                   Type           Power      Damage    Failure   Level
 Foxfire                  Conj/Fire      0%         2x1d4     30%         1
 Blink                    Tloc           0%         N/A       43%         2
 Cigotuvi's Dreadful Rot  Necr/Alch/Air  0%         N/A       43%         2
 Lesser Beckoning         Tloc           0%         N/A       43%         2
 Momentum Strike          Conj/Tloc      0%         3d8       43%         2
 Summon Ice Beast         Ice/Summ       0%         N/A       67%         3
 Dispel Undead            Necr           0%         3d6       97%         4
 Martyr's Knell           Necr/Summ      0%         N/A       97%         4
 Summon Mana Viper        Hex/Summ       0%         N/A       100%        5
 Death Channel            Necr           0%         N/A       100%        6
 Plasma Beam              Fire/Air       0%         2x1d10    100%        6
 Starburst                Conj/Fire      0%         6d3       100%        6
 Monstrous Menagerie      Summ           0%         N/A       100%        7


Dungeon Overview and Level Annotations

Branches:
Dungeon (5/15)             Temple (1/1) D:4

Altars:
Ashenzari
Cheibriados
Elyvilon
Fedhas
Gozag
Hepliaklqana
Kikubaaqudgha
Makhleb
Nemelex Xobeh
Okawaru
Qazlal
Sif Muna
Trog
Uskayaw
Vehumet
Wu Jian
Xom
Yredelemnul
Zin

Annotations:
D:4 exclusion: moth of wrath
D:5 Sigmund


Innate Abilities, Weirdness & Mutations

You are a hulking beast.
Your limbs bulge with bestial killing power. (Slay +2)
You cannot wear most types of armour.
You are amphibious.
You can wear up to eight rings at the same time.
Your skin changes colour to match your surroundings (Stealth+).
Your rubbery body absorbs attacks. (AC +1, EV +1)
((You are camouflaged when in or above water. (Stealth+)))
You have tentacles for arms and can constrict up to eight enemies at once.


Message History

You are too injured to fight recklessly!
You are too injured to fight recklessly!
You are too injured to fight recklessly!
o - 2 potions of cancellation (gained 1)
e - 2 scrolls of identify (gained 1) Sigmund the Dreaded comes into view.
He is wielding a +0 scythe.
Marking area around Sigmund as unsafe for travelling.
Okay, then.
No target in view!
No target in view!
No target in view!
No target in view!
No target in view!
No target in view!
No target in view!
No target in view!
No target in view!
No target in view!
An ogre comes into view. It is wielding a +0 giant club.
The ogre shouts!
You hear a shout! x2
An orc wizard comes into view. It is wielding a +0 dagger of venom.
The orc wizard points at you and mumbles some strange words.
The puff of flame hits you!
The orc wizard casts a spell.
The orc wizard flickers and vanishes!
Deactivating autopickup; reactivate with Ctrl-A.
You hear a shout!
You tentacle-slap the ogre.
The ogre is lightly wounded.
A magic dart appears from out of thin air!
The magic dart hits you. You block the ogre's attack.
You tentacle-slap the ogre.
The ogre is moderately wounded.
A magic dart appears from out of thin air!
The magic dart hits you.
You barely miss the ogre.
The ogre is moderately wounded.
The ogre hits you with a +0 giant club!!
Ouch! That really hurt!
You die...

..............#
.............## ...
.............#
#....
...?.......###
.....
...........####...#
..............#..#
...............#
...............###
...............Oh#
..[............##
..............#
............##
...........##
.......{.##
.........#
......... #..#...


You could see an ogre.

Vanquished Creatures
  Edmund (D:4)
  An ice beast (D:5)
  A jelly (D:4)
  2 bombardier beetles
  2 iguanas
  2 adders (D:2)
  A dart slug (D:3)
  4 ribbon worms
  An orc (D:4)
  8 endoplasms
  5 giant cockroaches
  8 goblins
  11 hobgoblins
  7 jackals
  7 kobolds
  7 quokkas
  2 ball pythons (D:2)
  5 bats
  5 frilled lizards
  8 rats
88 creatures vanquished.

Notes
Turn   | Place    | Note
-------+----------+-------------------------------------------
     0 | D:1      | Killerpretzel the Octopode Shapeshifter began the quest for
                  | the Orb.
     0 | D:1      | Reached XP level 1. HP: 13/13 MP: 1/1
   183 | D:1      | Found a faded altar of an unknown god.
   203 | D:1      | Reached XP level 2. HP: 14/18 MP: 2/2
   936 | D:2      | Reached XP level 3. HP: 23/23 MP: 3/3
  1025 | D:2      | Found a stormy altar of Qazlal.
  1192 | D:2      | Reached XP level 4. HP: 29/29 MP: 4/4
  1611 | D:2      | Identified a scroll of acquirement
  1611 | D:2      | Acquired 1148 gold pieces
  1693 | D:3      | Reached skill level 4 in Shapeshifting
  1916 | D:3      | Reached XP level 5. HP: 34/34 MP: 5/5
  2485 | D:4      | Noticed Edmund
  2500 | D:4      | Killed Edmund
  2501 | D:4      | Reached XP level 6. HP: 27/41 MP: 6/6
  2705 | D:4      | Found a staircase to the Ecumenical Temple.
  2757 | Temple   | Entered the Ecumenical Temple
  2827 | Temple   | Became a worshipper of Vehumet
  2993 | D:4      | Noticed a moth of wrath
  2996 | D:4      | Found a bloodstained altar of Trog.
  3027 | D:4      | Identified the +4 short sword of Itraunel {venom, rC-
                  | Str+5}
  3261 | D:5      | Entered Level 5 of the Dungeon
  3292 | D:5      | Noticed an ice beast
  3304 | D:5      | Killed an ice beast
  3305 | D:5      | Reached skill level 5 in Shapeshifting
  3305 | D:5      | Reached XP level 7. HP: 4/46 MP: 7/7
  3475 | D:5      | Noticed Sigmund
  3493 | D:5      | Mangled by an ogre

Illustrated notes

Levels and vault maps discovered:
D:1:      dpeg_arrival_snail, layout_basic,
          hellmonk_ecumenical_altar_pennies_from_heaven,
          minmay_misc_feat_secret_circle
D:2:      minmay_alternating_diamond, layout_rooms, basic_altar,
          minmay_heptomino_o4
D:3:      layout_loops_ring, minivault_5
D:4:      layout_rooms, tgw_trog, minmay_temple_entry_wispy, uniq_edmund
D:5:      layout_cave_pools, chequers_serial_rivers_small_3, uniq_sigmund
Temple:   minmay_crystal_spiral_temple

Skill      XL: |  1  2  3  4  5  6 |
---------------+-------------------+-----
Fighting       | 2 3 |  3.2
Shapeshifting  | 4 5 |  5.1
Dodging        | 3 |  3.6
Unarmed Combat | 4 |  4.3

Action                     |  1- 3 |  4- 6 |  7- 9 || total
---------------------------+-------+-------+-------++-------
  Melee: Unarmed           |    65 |   129 |     3 ||   197
         Constrict         |    13 |    24 |       ||    37
         Tentacles         |     8 |    20 |       ||    28
         Punch             |     4 |     1 |       ||     5
    Use: Scroll            |     1 |    11 |       ||    12
         Potion            |       |     1 |       ||     1
   Stab: Sleeping          |     6 |     7 |       ||    13
         Distracted        |     1 |       |       ||     1
 Armour: Skin              |    27 |    79 |     4 ||   110
  Dodge: Dodged            |    29 |    49 |       ||    78
  Block: Other             |       |    14 |     1 ||    15
